Match 46273752
Unlisted

Match 46273752
End
Selects Special Operations Battlegroup
Selects M29 Weasel Recon Vehicle
M29 Weasel Recon Vehicle
Construct Barracks
Riflemen Squad
Riflemen Squad
Riflemen Squad
Construct Medical Station
Infantry Support Center
M1918 Browning Automatic Rifles
Grenade Package
Selects Raiding Flares
Riflemen Squad
Construct Motor Pool
M24 Chaffee Light Tank
DebaKLeTV
ZhukovUranus
THUNDER ⚔
peace
0
0

Comments sign in to comment!

No comments posted yet!